 Dungeon Crawl Stone Soup version 0.27.1-37-g7b29ead8ac (console) character file.

Game seed: 2301129165271146909

430724 grimtooth the Hand of Fortune (level 25, -15/234 HPs)
             Began as a Kobold Hunter on Dec 12, 2023.
             Was the Champion of Nemelex Xobeh.
             Demolished by an azure jelly (19 damage)
             ... created by the Royal Jelly
             ... on level 5 of the Pits of Slime on Dec 13, 2023.
             The game lasted 08:14:01 (104196 turns).

grimtooth the Hand of Fortune (Kobold Hunter)     Turns: 104196, Time: 08:14:02

Health: -15/234    AC: 31    Str: 13    XL:     25   Next: 7%
Magic:  38/38      EV:  3    Int: 20    God:    Nemelex Xobeh [******]
Gold:   2536       SH:  8    Dex: 22    Spells: 12/24 levels left

rFire    + . .     SeeInvis +   b - +4 rapier (elec)
rCold    + . .     Faith    +   V - +1 buckler {AC+3}
rNeg     + + +     Spirit   .   (armour currently unavailable)
rPois    +         Reflect  .   (helmet currently unavailable)
rElec    .         Harm     .   (cloak currently unavailable)
rCorr    .         Rampage  .   (gloves currently unavailable)
Will     +....     NoTele   +   (boots currently unavailable)
Stlth    +++++++++.             K - amulet of faith
HPRegen  0.49/turn              f - ring of protection from cold
MPRegen  0.26/turn              N - ring of Zedue {rF+ Dex+6 SInv}

@: tree-form, corroded, unable to read, hasted, studying 3 skills, very quick
A: stationary, stasis, torment immunity, boosted hp, small, no large weapons,
nightstalker 3, inability to read while threatened
}: 2/15 runes: barnacled, gossamer
a: Renounce Religion, Draw Escape, Draw Destruction, Draw Summoning, Draw Stack,
Triple Draw, Deal Four, Stack Five


You were on level 5 of the Pits of Slime.
You worshipped Nemelex Xobeh.
Nemelex Xobeh was exalted by your worship.
You were a tree.
You visited 9 branches of the dungeon, and saw 44 of its levels.
You visited 1 bazaar.
You also visited: Ice Cave and Wizlab.

You collected 6334 gold pieces.
You spent 3798 gold pieces at shops.

Inventory:

Hand Weapons
 a - the +9 hunting sling of the Shimmering Augurer {vorpal, rC+}
   (You found it on level 3 of the Spider Nest)

   Any ammunition fired from it inflicts extra damage upon your enemies.
   rC:        It protects you from cold.
 b - a +4 rapier of electrocution (weapon)
Missiles
 d - 509 sling bullets
 U - 3 throwing nets (quivered) {=f}
Armour
 c - a +2 pair of boots of rampaging (melded)
 s - the +1 cloak of the Northern Lights (melded) {rElec rPois rCorr Dex+4}
   (You acquired it on level 10 of the Dungeon)

   Dex:       It affects your dexterity (+4).
   rElec:     It insulates you from electricity.
   rPois:     It protects you from poison.
   rCorr:     It protects you from acid and corrosion.
 x - a +2 helmet of see invisible (melded)
 y - a +2 pair of gloves of strength (melded)
 Q - the +5 ring mail of the Dozen Blessings (melded) {rN+ Will+}
   (You found it on level 8 of the Dungeon)

   rN:        It protects you from negative energy.
   Will:      It increases your willpower.
 V - a +1 buckler of protection (worn)
Magical Staves
 g - a staff of fire
Jewellery
 f - a ring of protection from cold (left branch)
 B - a ring of willpower
 G - a +6 ring of intelligence
 H - a ring of protection from fire
 K - an amulet of faith (around neck)
 N - the ring of Zedue (right branch) {rF+ Dex+6 SInv}
   (You took it off a deep elf annihilator on level 3 of the Elven Halls)

   [ring of dexterity]

   Dex:       It affects your dexterity (+6).
   rF:        It protects you from fire.
   SInv:      It lets you see invisible.
Wands
 h - a wand of flame (22)
 u - a wand of acid (3)
 w - a wand of iceblast (9)
 E - a wand of polymorph (31)
 J - a wand of mindburst (27)
 S - a wand of paralysis (16)
Scrolls
 i - 4 scrolls of magic mapping
 m - 5 scrolls of fear
 n - a scroll of torment
 q - 4 scrolls of immolation
 t - 3 scrolls of blinking
 v - 9 scrolls of teleportation
 F - a scroll of vulnerability
 I - 6 scrolls of fog
Potions
 l - 3 potions of magic
 z - 3 potions of cancellation
 A - 4 potions of lignification
 C - a potion of invisibility
 D - 3 potions of flight
 L - 7 potions of curing
 M - 2 potions of might
 O - 5 potions of ambrosia
 R - 5 potions of haste
 T - 5 potions of resistance
 X - a potion of brilliance
Miscellaneous
 e - a box of beasts
 j - a condenser vane
 k - a phial of floods
 o - a lightning rod (4/4)
 r - a tin of tremorstones (2/2)
 W - a phantom mirror


   Skills:
 * Level 15.3 Fighting
 - Level 15.0 Short Blades
 - Level 12.0 Slings
 + Level 10.3 Armour
 - Level 20.0 Dodging
 - Level 20.0 Stealth
 + Level 4.4 Shields
 - Level 15.0 Hexes
 - Level 6.0 Translocations
 - Level 22.0 Invocations
 - Level 12.0 Evocations


You had 12 spell levels left.
You knew the following spells:

 Your Spells              Type           Power      Damage    Failure   Level
a - Slow                  Hex            56%        N/A       1%          2
b - Tukima's Dance        Hex            56%        N/A       1%          3
c - Corona                Hex            62%        N/A       1%          1
k - Blink                 Tloc           N/A        N/A       2%          2
p - Apportation           Tloc           48%        N/A       1%          1
z - Confusing Touch       Hex            56%        N/A       1%          3

Your spell library contained the following spells:

 Spells                   Type           Power      Damage    Failure   Level
 Ensorcelled Hibernation  Hex/Ice        60%        N/A       1%          2
 Portal Projectile        Hex/Tloc       84%        N/A       1%          3
 Dazzling Flash           Conj/Hex       60%        N/A       3%          3
 Inner Flame              Hex/Fire       30%        N/A       3%          3
 Summon Guardian Golem    Hex/Summ       30%        N/A       3%          3
 Lesser Beckoning         Tloc           12%        N/A       5%          3
 Animate Skeleton         Necr           0%         N/A       22%         1
 Foxfire                  Conj/Fire      0%         2x1d4     22%         1
 Sandblast                Erth           0%         2d4       22%         1
 Summon Small Mammal      Summ           0%         N/A       22%         1
 Corpse Rot               Necr/Air       N/A        N/A       32%         2
 Passwall                 Tmut/Erth      0%         N/A       32%         2
 Poisonous Vapours        Pois/Air       0%         N/A       32%         2
 Sublimation of Blood     Necr           0%         N/A       32%         2
 Wereblood                Tmut           0%         N/A       32%         2
 Manifold Assault         Tloc           24%        N/A       45%         5
 Iskenderun's Mystic Bla  Conj/Tloc      12%        2d5       52%         4
 Call Canine Familiar     Summ           0%         N/A       54%         3
 Conjure Flame            Conj/Fire      0%         6-21      54%         3
 Ignite Poison            Fire/Tmut/Pois 0%         N/A       54%         3
 Vampiric Draining        Necr           0%         2d6       54%         3
 Summon Forest            Summ/Tloc      6%         N/A       86%         5
 Animate Armour           Summ/Erth      0%         N/A       91%         4
 Animate Dead             Necr           0%         N/A       91%         4
 Dispel Undead            Necr           0%         3d6       91%         4
 Hailstorm                Conj/Ice       0%         3d3       91%         4
 Ice Form                 Ice/Tmut       0%         N/A       91%         4
 Petrify                  Tmut/Erth      0%         N/A       91%         4
 Sticky Flame             Conj/Fire      0%         2d3       91%         4
 Summon Lightning Spire   Summ/Air       0%         N/A       91%         4
 Alistair's Intoxication  Tmut/Pois      0%         N/A       99%         5
 Blade Hands              Tmut           0%         N/A       99%         5
 Borgnjor's Vile Clutch   Necr/Erth      0%         N/A       99%         5
 Excruciating Wounds      Necr           0%         N/A       99%         5
 Freezing Cloud           Conj/Ice/Air   0%         6-21      99%         5
 Irradiate                Conj/Tmut      0%         3d13      99%         5
 Lee's Rapid Deconstruct  Erth           0%         3d5*      99%         5
 Eringya's Noxious Bog    Tmut/Pois      0%         N/A       100%        6
 Simulacrum               Ice/Necr       0%         N/A       100%        6
 Starburst                Conj/Fire      0%         6d3       100%        6
 Haunt                    Necr/Summ      0%         N/A       100%        7
 Spellforged Servitor     Conj/Summ      0%         N/A       100%        7
 Storm Form               Tmut/Air       0%         N/A       100%        7
 Borgnjor's Revivificati  Necr           0%         N/A       100%        8
 Maxwell's Capacitive Co  Air            0%         ∞         100%        8
 Summon Horrible Things   Summ           0%         N/A       100%        8
 Chain Lightning          Conj/Air       0%         N/A       100%        9
 Fire Storm               Conj/Fire      0%         5d1       100%        9


Dungeon Overview and Level Annotations

Branches:
Dungeon (15/15)            Temple (1/1) D:4            Lair (6/6) D:10
 Shoals (4/4) Lair:2       Spider (4/4) Lair:4        Slime (5/5) Lair:5
    Orc (2/2) D:10            Elf (3/3) Orc:2        Vaults (4/5) D:14
  Crypt (0/3) Vaults:3     Depths (0/5) D:15          IceCv (visited)
 WizLab (visited)

Altars:
Elyvilon
Kikubaaqudgha
Makhleb
Nemelex Xobeh
Okawaru
Qazlal
Ru
Sif Muna
Trog
Vehumet
Xom
Zin
The Shining One
Beogh
Jiyva

Shops:
D:4 [[??*   D:7 (   D:9 (   D:10 :   D:12 **   D:14 !([(   Orc:2 *[:(   Elf:2 (
Shoals:2 (   Vaults:3 =

Portals:
Trove: Elf:2 (give 4 scrolls of fear)

Annotations:
D:13 exclusion: orange crystal statue
Lair:6 exclusion: obsidian statue
Slime:5 Royal Jelly
Elf:2 3 runed translucent doors


Innate Abilities, Weirdness & Mutations

You are a tree.
Your roots penetrate the ground, keeping you stationary.
You cannot be teleported.
You are immune to unholy pain and torment.
Your maximum health is greatly increased.
Your equipment is partially melded.
You are small and have problems with some larger weapons.
You are completely attuned to the shadows.
You sometimes lose the ability to read scrolls when taking damage.


Message History

* * * LOW HITPOINT WARNING * * *
The azure jelly freezes you!! You resist.
* * * LOW HITPOINT WARNING * * *
The azure jelly hits you but does no damage. x2
The rockslime completely misses you. The acid blob spits acid at you.
You block the splash of acid.
The azure jelly hits you but does no damage. x4
Two slime creatures merge to form a very large slime creature.
Press: ? - help, v - describe, . - travel
Here: a rockslime The floor.
Okay, then.
Press: ? - help, v - describe, . - travel
Here: an acid blob (heavily wounded)
The floor.
You feel much better. The acid blob hits you!!
* * * LOW HITPOINT WARNING * * *
You are splashed with acid!
* * * LOW HITPOINT WARNING * * *
The acid blob hits you but does no damage.
You block the azure jelly's attack.
The azure jelly hits you but does no damage. x3
The rockslime hits you!!
* * * LOW HITPOINT WARNING * * *
The acid blob hits you but does no damage.
You block the azure jelly's attack. The azure jelly hits you.
* * * LOW HITPOINT WARNING * * *
The azure jelly freezes you!! You resist.
* * * LOW HITPOINT WARNING * * *
The azure jelly hits you.
* * * LOW HITPOINT WARNING * * *
The azure jelly hits you but does no damage.
You block the azure jelly's attack.
The azure jelly hits you but does no damage. x4
The azure jelly hits you.
* * * LOW HITPOINT WARNING * * *
The azure jelly freezes you!! You resist.
You die...
Your body glows with a rainbow of weird colours and disappears.

###...................
.....................#
.##..................#
#..................#
#..................##
#..................#
#..................#
###.................##
##...................#
#..........JJJ....
####.........JJ♣JJ...
#............JJJJJ...
.............JJJJ...#
...............J.....
....................
.......J.......
.......J.......
........J.<....
J............##
...........#
...........#


You could see the Royal Jelly, 5 acid blobs, 6 azure jellies, a very large slime
creature, 2 rockslimes and 2 quicksilver oozes.

Vanquished Creatures
  A royal mummy (WizLab)
  Bai Suzhen (Spider:2)
  A quicksilver dragon (Vaults:3)
  Asterion (Spider:1)
  3 deep elf master archers (Elf:3)
  A kraken (Shoals:3)
  A deep elf blademaster (Elf:3)
  14 acid blobs
  Gastronok (D:10)
  An ancient champion (Vaults:3)
  10 sphinxes
  4 azure jellies
  Donald (Shoals:4)
  5 rockslimes
  5 vault wardens
  4 emperor scorpions
  3 deep elf sorcerers
  A ghoul (Vaults:3)
  A ghost moth (Spider:4)
  An orc warlord (Orc:2)
  16 ironbound preservers
  A caustic shrike zombie (WizLab)
  3 very ugly things
  A deep elf elementalist (Elf:3)
  4 stone giants
  6 quicksilver oozes
  A war gargoyle (Vaults:4)
  2 elemental wellsprings (Shoals:2)
  5 deep elf demonologists
  Nessos (D:14)
  2 vampire knights (Vaults:4)
  7 dire elephants
  A bunyip (Elf:3)
  6 entropy weavers
  6 deep elf annihilators (Elf:3)
  A spark wasp (Spider:2)
  3 mummy priests (WizLab)
  5 merfolk javelineers (Shoals:4)
  6 deep elf death magi (Elf:3)
  11 merfolk impalers
  7 deep elf high priests
  7 yaktaur captains
  An ironbound thunderhulk (Vaults:4)
  An ice dragon (D:14)
  Fannar (Orc:1)
  6 great orbs of eyes
  11 hydras
  10 boulder beetles
  An alligator snapping turtle (Shoals:4)
  An anaconda (shapeshifter) (Elf:3)
  An anaconda (Slime:2)
  4 merfolk avatars
  8 merfolk aquamancers
  A catoblepas (Elf:3)
  7 ironbound frosthearts
  A satyr (Shoals:2)
  2 death knights
  16 centaur warriors
  12 death yaks
  14 dancing weapons
  5 two-headed ogres
  3 tengu warriors
  7 ironbound beastmasters
  17 deep elf knights
  An orc high priest (Orc:2)
  Sonja (D:11)
  Urug (Orc:2)
  An iron troll (D:14)
  2 skeletal warriors
  A spark wasp zombie (WizLab)
  6 glowing orange brains
  A golden dragon zombie (WizLab)
  13 sea snakes
  16 deep elf archers
  A lindwurm (shapeshifter) (Vaults:3)
  64 deep trolls
  An orange crystal statue (Elf:2)
  3 swamp dragons
  A bog body (IceCv)
  5 wizards
  9 ironbound convokers
  6 lindwurms
  3 orc knights
  23 deep elf zephyrmancers
  16 harpies
  6 necromancers
  32 deep elf pyromancers
  2 shining eyes
  10 oklob plants
  An orc sorcerer (Orc:2)
  23 orb spiders
  34 fauns
  A stone giant zombie (WizLab)
  27 ugly things
  7 cyclopes
  11 manticores
  3 moths of wrath
  8 merfolk sirens
  30 wolf spiders
  2 eyes of devastation
  5 centaur zombies
  9 elephants
  An elf zombie (WizLab)
  7 black mambas
  16 vault sentinels
  17 water nymphs
  4 torpor snails
  An ice statue (D:10)
  7 cane toads
  2 gargoyles
  6 rime drakes
  3 ice devils (IceCv)
  An unseen horror (D:13)
  7 komodo dragons
  21 yaktaurs
  A guardian mummy (WizLab)
  A tengu conjurer (D:15)
  5 freezing wraiths
  3 anaconda simulacra (IceCv)
  5 entropy weaver simulacra (IceCv)
  43 jumping spiders
  8 demonic crawlers
  2 meliai
  6 trolls
  20 merfolk
  A polar bear (Lair:6)
  13 wind drakes
  3 ice dragon zombies (WizLab)
  2 hornets
  A raiju (shapeshifter) (D:14)
  118 slime creatures
  A deep troll zombie (WizLab)
  7 dream sheep (Lair:6)
  A spectral elephant (Lair:6)
  9 snapping turtles
  15 blink frogs
  A spriggan zombie (WizLab)
  2 centaur simulacra
  A shadow (D:11)
  90 redbacks
  5 wyverns
  A dire elephant simulacrum (Lair:6)
  12 air elementals
  30 tarantellas
  18 water elementals
  4 wraiths
  50 yaks
  7 golden eyes
  2 steam dragons
  A basilisk (shapeshifter) (D:14)
  9 basilisks
  4 fire elementals
  12 vampire mosquitoes
  4 death yak simulacra
  A neqoxec (Elf:3)
  2 tengu zombies (WizLab)
  A spectral cane toad (Lair:6)
  9 swamp worms
  23 water moccasins
  A warg (Orc:2)
  2 acid dragons
  2 harpy simulacra (IceCv)
  6 hell hounds
  An elephant zombie (Lair:6)
  An ice beast (shapeshifter) (D:11)
  32 orc warriors
  A sky beast (Shoals:2)
  5 ogres
  A boggart (Orc:2)
  A necrophage (D:5)
  7 wolves
  5 centaurs
  Blork the orc (D:4)
  5 kobold brigands
  2 human zombies (WizLab)
  17 bullfrogs
  2 gnoll sergeants
  5 scorpions
  4 earth elementals
  A water moccasin skeleton (D:7)
  An elephant simulacrum (Lair:3)
  5 killer bees (D:10)
  3 wights (D:8)
  5 electric eels
  3 vampire bats (Lair:3)
  5 howler monkeys
  2 bullfrog zombies
  2 hounds (D:4)
  A gnoll shaman (D:6)
  16 orc priests
  2 centaur skeletons (D:5)
  4 iguanas
  22 orc wizards
  A troll simulacrum (IceCv)
  10 hell rats
  A spriggan simulacrum (IceCv)
  A hound skeleton (D:5)
  A howler monkey zombie (D:11)
  8 gnolls
  4 adders
  A naga simulacrum (IceCv)
  A river rat (Orc:2)
  A shadow imp (D:8)
  4 white imps
  An ufetubus (D:5)
  An adder zombie (D:5)
  An adder skeleton (D:4)
  3 worms
  2 dart slugs
  84 orcs
  5 ball pythons
  6 endoplasms
  5 giant cockroaches
  10 goblins
  7 hobgoblins
  9 jackals
  16 kobolds
  4 quokkas
  14 bats
  6 frilled lizards
  5 rats
  3 briar patches (Lair:4)
1713 creatures vanquished.

Vanquished Creatures (collateral kills)
  Rupert (Vaults:4)
  A titan (Shoals:4)
  An emperor scorpion (Spider:1)
  A vault warden (Vaults:1)
  A deep elf elementalist (Elf:3)
  An ironbound preserver (Vaults:3)
  An entropy weaver (Lair:2)
  A crystal guardian (Vaults:4)
  A merfolk impaler (Shoals:4)
  A merfolk javelineer (Shoals:3)
  A yaktaur captain (Vaults:2)
  An ironbound thunderhulk (Vaults:1)
  A peacekeeper (Vaults:4)
  A two-headed ogre (D:10)
  A hydra (Lair:2)
  A centaur warrior (Vaults:2)
  A satyr (Shoals:2)
  2 dancing weapons (Elf:2)
  A death yak (Lair:2)
  A spectral anaconda (Lair:6)
  A deep troll (Vaults:1)
  A wizard (Vaults:4)
  An ironbound convoker (Vaults:1)
  A necromancer (Lair:6)
  A deep elf pyromancer (Elf:2)
  2 slime creatures (D:12)
  3 fauns
  A manticore (Shoals:3)
  2 ugly things (Vaults:1)
  3 shining eyes (Slime:2)
  2 vault sentinels (Vaults:2)
  4 merfolk sirens
  A water nymph (Shoals:3)
  A cane toad (Lair:6)
  A komodo dragon (Vaults:4)
  2 yaktaurs
  A demonic crawler (Spider:3)
  4 merfolk (Shoals:4)
  3 blink frogs (Lair:6)
  A jumping spider (Spider:3)
  A tyrant leech (Lair:2)
  A spectral elephant (Lair:6)
  3 redbacks
  An air elemental (Shoals:4)
  A water elemental (Shoals:4)
  A fire bat (Orc:2)
  A fire elemental (Elf:2)
  A spectral cane toad (Lair:6)
  An acid dragon (D:13)
  A warg (Orc:2)
  2 orc warriors (Orc:2)
  An orc wizard (Orc:2)
  2 orcs (Orc:2)
74 creatures vanquished.

Vanquished Creatures (others)
  A deep elf high priest (Elf:3)
  A merfolk aquamancer (Shoals:1)
  A deep elf knight (Elf:1)
  A deep elf zephyrmancer (Elf:2)
  A deep elf pyromancer (Elf:1)
  A water nymph (Shoals:1)
  A merfolk siren (Shoals:1)
  A redback (Spider:4)
  24 dancing weapons
  An orc wizard (Orc:2)
  2 bushes (D:10)
  63 fungi
  177 plants
  4 tentacles (Shoals:3)
  22 withered plants
301 creatures vanquished.

Grand Total: 2088 creatures vanquished

Notes
Turn   | Place    | Note
-------+----------+-------------------------------------------
     0 | D:1      | grimtooth the Kobold Hunter began the quest for the Orb.
     0 | D:1      | Reached XP level 1. HP: 12/12 MP: 1/1
   162 | D:1      | Found a faded altar of an unknown god.
   235 | D:1      | Reached XP level 2. HP: 14/17 MP: 2/2
  1157 | D:1      | Reached XP level 3. HP: 19/21 MP: 3/3
  2022 | D:2      | Found a glowing golden altar of the Shining One.
  2204 | D:2      | Reached XP level 4. HP: 26/26 MP: 4/4
  2336 | D:2      | Reached skill level 5 in Slings
  3316 | D:3      | Reached skill level 1 in Short Blades
  3316 | D:3      | Reached XP level 5. HP: 9/30 MP: 5/5
  4167 | D:4      | Reached XP level 6. HP: 26/35 MP: 6/6
  4307 | D:4      | Found Sewuv's Antique Armour Shop.
  4529 | D:4      | Noticed Blork the orc
  4709 | D:4      | Reached skill level 5 in Stealth
  5001 | D:5      | Entered Level 5 of the Dungeon
  5096 | D:5      | Reached XP level 7. HP: 40/40 MP: 7/7
  5610 | D:4      | Found a staircase to the Ecumenical Temple.
  5654 | D:4      | Found Fyffeafu's Assorted Antiques.
  5654 | D:4      | Found Dadyecho's Magic Scroll Shop.
  5661 | D:4      | Bought a scroll labelled IXTUCU UMASCH for 29 gold pieces
  5665 | D:4      | Bought a scroll of identify for 24 gold pieces
  5680 | D:4      | Got Nytebeuloj's Catalogue of Earthen Unholy Arts
  5684 | Temple   | Entered the Ecumenical Temple
  5689 | Temple   | Became a worshipper of Nemelex Xobeh the Trickster
  6173 | D:5      | Reached skill level 5 in Short Blades
  6311 | D:6      | Reached XP level 8. HP: 48/48 MP: 8/8
  6884 | D:6      | Reached * piety under Nemelex Xobeh
  6993 | D:6      | Received a gift from Nemelex Xobeh
  7715 | D:7      | Found Ugeog's Antique Weapon Emporium.
  7757 | D:7      | Found a glowing golden altar of the Shining One.
  7901 | D:7      | Reached skill level 1 in Invocations
  7901 | D:7      | Reached XP level 9. HP: 34/55 MP: 9/9
  8290 | D:7      | Reached skill level 2 in Invocations
  8678 | D:8      | Noticed Grum
  8780 | D:4      | Found Jehu's Armour Shop.
  8791 | D:4      | Reached ** piety under Nemelex Xobeh
  8903 | D:4      | Reached skill level 3 in Invocations
  9121 | D:4      | Killed Blork the orc
  9364 | D:4      | Found Taplicky's Magic Scroll Emporium.
  9364 | D:4      | Identified the +0 cloak of the Barber Surgeon {-Cast
                  | Rampage rPois}
  9373 | D:4      | Bought a scroll of identify for 20 gold pieces
  9373 | D:4      | Bought a scroll of identify for 20 gold pieces
  9373 | D:4      | Bought a scroll of identify for 20 gold pieces
  9373 | D:4      | Bought a scroll of identify for 20 gold pieces
  9373 | D:4      | Bought a scroll of teleportation for 30 gold pieces
  9373 | D:4      | Bought a scroll of identify for 20 gold pieces
  9373 | D:4      | Bought a scroll of identify for 20 gold pieces
  9461 | D:4      | Reached skill level 5 in Dodging
  9490 | D:4      | Reached skill level 4 in Invocations
  9754 | D:8      | Noticed a two-headed ogre
 10584 | D:9      | Reached skill level 5 in Invocations
 11230 | D:9      | Reached skill level 1 in Shields
 11283 | D:9      | Found Xypewk's Weapon Shop.
 11344 | D:9      | Reached XP level 10. HP: 48/60 MP: 10/14
 11532 | D:9      | Found the +8 demon blade "Leech" {vamp, *Rage +Rage rN+}
 11923 | D:8      | Reached skill level 6 in Invocations
 12008 | D:8      | Received a gift from Nemelex Xobeh
 12014 | D:8      | Identified the +5 ring mail of the Dozen Blessings {rN+
                  | Will+}
 12580 | D:8      | Killed a two-headed ogre
 12581 | D:8      | Reached skill level 7 in Invocations
 13246 | D:8      | Noticed Grum
 13246 | D:8      | Grum changed into Grum the ball python
 13248 | D:8      | Killed Grum the ball python
 13382 | D:8      | Reached skill level 8 in Invocations
 14088 | D:4      | Bought a scroll of blinking for 90 gold pieces
 14137 | D:4      | Bought a +1 buckler of protection for 231 gold pieces
 14252 | D:10     | Entered Level 10 of the Dungeon
 14256 | D:10     | Noticed Gastronok
 14301 | D:10     | Reached XP level 11. HP: 64/66 MP: 15/17
 14626 | D:10     | Found a staircase to the Lair.
 14753 | D:10     | Found Qatraf's Book Emporium.
 14926 | D:10     | Noticed a two-headed ogre
 14934 | D:10     | Killed a two-headed ogre
 14935 | D:10     | Reached skill level 9 in Invocations
 14943 | D:10     | Found a staircase to the Orcish Mines.
 15180 | D:9      | Reached skill level 1 in Armour
 15437 | D:10     | Reached *** piety under Nemelex Xobeh
 16619 | D:10     | Noticed a two-headed ogre
 16688 | D:10     | Killed a two-headed ogre
 16839 | D:10     | Killed Gastronok
 16840 | D:10     | Reached XP level 12. HP: 46/76 MP: 10/18
 17158 | D:11     | Noticed Sonja
 17160 | D:11     | Killed Sonja
 17170 | D:11     | Received a gift from Nemelex Xobeh
 17327 | D:11     | Reached skill level 10 in Dodging
 17807 | D:11     | Noticed a boulder beetle
 17888 | D:11     | Killed a boulder beetle
 17964 | D:11     | Identified the +5 flail of Arawodoa {drain, Int+2}
 18642 | D:12     | Identified the +8 great mace of the Little People {spect,
                  | Will+}
 19081 | D:12     | Received a gift from Nemelex Xobeh
 19309 | D:12     | Found Umilour's Specific Store.
 19310 | D:12     | Found Seporack's General Store.
 19327 | D:12     | Reached **** piety under Nemelex Xobeh
 19341 | D:12     | Noticed a two-headed ogre
 19358 | D:12     | Reached XP level 13. HP: 81/81 MP: 19/19
 19528 | D:12     | Received a gift from Nemelex Xobeh
 19632 | D:12     | Reached skill level 10 in Fighting
 20170 | Lair:1   | Entered Level 1 of the Lair of Beasts
 20631 | Lair:1   | Identified a scroll of acquirement
 20685 | Lair:1   | Reached skill level 10 in Invocations
 21004 | Lair:1   | Noticed a seven-headed hydra
 21059 | Lair:1   | Killed a seven-headed hydra
 22639 | Lair:2   | Found a staircase to the Shoals.
 22773 | Lair:2   | Noticed an eight-headed hydra
 22811 | Lair:2   | Killed an eight-headed hydra
 22812 | Lair:2   | Reached skill level 11 in Invocations
 23373 | Lair:2   | Noticed a four-headed hydra
 23390 | Lair:2   | Killed a four-headed hydra
 23526 | Lair:2   | Noticed a seven-headed hydra
 23539 | Lair:2   | Killed a seven-headed hydra
 23592 | Lair:2   | Reached XP level 14. HP: 92/92 MP: 22/22
 24104 | Lair:2   | Noticed an entropy weaver
 24104 | Lair:2   | a death yak changed into an entropy weaver
 24138 | Lair:2   | Killed an entropy weaver
 24852 | Lair:3   | Received a gift from Nemelex Xobeh
 24944 | Lair:3   | - why am i not getting any portal signals
 24998 | Lair:3   | Found a frozen archway.
 25102 | IceCv    | Entered an ice cave
 26374 | IceCv    | Reached skill level 10 in Stealth
 26374 | IceCv    | Reached skill level 12 in Invocations
 26562 | Lair:3   | Reached ***** piety under Nemelex Xobeh
 26597 | Lair:3   | Found an ancient bone altar of Kikubaaqudgha.
 26611 | Lair:3   | Received a gift from Nemelex Xobeh
 26700 | Lair:3   | Identified the +1 ring mail of the Frog {rF+}
 27152 | Lair:3   | Received a gift from Nemelex Xobeh
 28000 | Lair:4   | Found a hole to the Spider Nest.
 28008 | Lair:4   | Found a transporter.
 28119 | Lair:4   | Found a stormy altar of Qazlal.
 28416 | Lair:4   | Found a transporter.
 28765 | Lair:4   | Reached skill level 13 in Invocations
 29362 | Lair:4   | Received a gift from Nemelex Xobeh
 30412 | Lair:5   | Received a gift from Nemelex Xobeh
 30728 | Lair:5   | Received a gift from Nemelex Xobeh
 30909 | Lair:5   | Found a staircase to the Slime Pits.
 31152 | Lair:6   | Entered Level 6 of the Lair of Beasts
 31356 | Lair:6   | Received a gift from Nemelex Xobeh
 31394 | Lair:6   | Reached XP level 15. HP: 51/96 MP: 13/25
 31416 | Lair:6   | Reached skill level 14 in Invocations
 33701 | Lair:6   | Reached skill level 15 in Invocations
 34010 | Lair:6   | Reached skill level 1 in Evocations
 35416 | Lair:2   | Received a gift from Nemelex Xobeh
 36588 | Orc:1    | Entered Level 1 of the Orcish Mines
 37120 | Orc:1    | Received a gift from Nemelex Xobeh
 37127 | Orc:1    | Noticed Fannar
 37322 | Orc:1    | Killed Fannar
 37323 | Orc:1    | Reached skill level 5 in Evocations
 37850 | Orc:2    | Entered Level 2 of the Orcish Mines
 37902 | Orc:2    | Found a flickering gateway to a bazaar.
 38147 | Orc:2    | Found a staircase to the Elven Halls.
 38157 | Orc:2    | Received a gift from Nemelex Xobeh
 38284 | Bazaar   | Entered a bazaar
 38296 | Bazaar   | Found Ruvokh's Book Shop.
 38314 | Bazaar   | Found Moutebb's Book Shop.
 38363 | Bazaar   | Bought the Handbook of Cheese for 484 gold pieces
 38375 | Bazaar   | Bought a book of Spatial Translocations for 364 gold pieces
 38487 | Orc:2    | Reached ****** piety under Nemelex Xobeh
 38645 | Orc:2    | Learned a level 2 spell: Blink
 38904 | Orc:2    | Received a gift from Nemelex Xobeh
 39237 | Orc:2    | Noticed an orc warlord
 39238 | Orc:2    | an orc warlord changed into a fire dragon
 39238 | Orc:2    | Noticed Urug
 39239 | Orc:2    | Killed Urug
 39240 | Orc:2    | Reached skill level 15 in Dodging
 39658 | Orc:2    | Noticed an orc warlord
 39762 | Orc:2    | Killed an orc warlord
 39763 | Orc:2    | Reached skill level 1 in Translocations
 39763 | Orc:2    | Reached XP level 16. HP: 91/101 MP: 23/27
 39870 | Orc:2    | Found Cofis's Antique Armour Boutique.
 39916 | Orc:2    | Found Sauq's Antique Weapon Boutique.
 40034 | Orc:2    | Found Heegim's Book Boutique.
 40104 | Orc:2    | Found Qaylleupp's General Store.
 40125 | Orc:2    | Bought a scroll of identify for 36 gold pieces
 40480 | Orc:2    | Bought a pair of embroidered boots for 172 gold pieces
 40666 | D:4      | Bought a scroll of fog for 24 gold pieces
 40666 | D:4      | Bought a scroll of teleportation for 36 gold pieces
 40666 | D:4      | Bought a scroll of magic mapping for 42 gold pieces
 40666 | D:4      | Bought a scroll of blinking for 90 gold pieces
 40793 | D:10     | Acquired the +1 cloak of the Northern Lights {rElec rPois
                  | rCorr Dex+4}
 40954 | Spider:1 | Entered Level 1 of the Spider Nest
 44021 | Spider:1 | Received a gift from Nemelex Xobeh
 44127 | Spider:1 | Reached skill level 5 in Translocations
 45199 | Spider:1 | Noticed Asterion
 45223 | Spider:1 | Identified the +3 demon trident "Kuod" {flame, rC++ rCorr
                  | Str+4}
 45228 | Spider:1 | Killed Asterion
 45971 | Spider:1 | Learned a level 3 spell: Confusing Touch
 45975 | Spider:1 | Learned a level 3 spell: Tukima's Dance
 46180 | Spider:2 | Received a gift from Nemelex Xobeh
 46273 | Spider:2 | Reached skill level 1 in Hexes
 47038 | Spider:2 | Reached XP level 17. HP: 106/106 MP: 28/28
 47712 | Spider:3 | Noticed Arachne
 48095 | D:13     | Received a gift from Nemelex Xobeh
 48693 | D:13     | Reached skill level 16 in Invocations
 49503 | D:14     | Noticed Nessos
 49520 | D:14     | Killed Nessos
 49742 | D:14     | Found Umeacaap's Armour Emporium.
 49797 | D:14     | Reached skill level 5 in Hexes
 50059 | D:14     | Found a white marble altar of Elyvilon.
 50060 | D:14     | Found a glowing silver altar of Zin.
 50065 | D:14     | Found a glowing golden altar of the Shining One.
 50089 | D:14     | Found Pobriul's Antique Weapon Shop.
 50260 | D:14     | Found Wiosch's Distillery.
 50265 | D:14     | Bought 2 potions of curing for 90 gold pieces
 50265 | D:14     | Bought a potion of heal wounds for 75 gold pieces
 50265 | D:14     | Bought 2 potions of curing for 90 gold pieces
 50315 | D:14     | Found Cataduor's Weapon Boutique.
 50402 | D:14     | Received a gift from Nemelex Xobeh
 52090 | Shoals:1 | Entered Level 1 of the Shoals
 52740 | Shoals:1 | Received a gift from Nemelex Xobeh
 53850 | Shoals:1 | Found Uhieru's Visitors' Centre.
 54436 | Shoals:2 | Reached skill level 17 in Invocations
 54856 | Shoals:2 | Received a gift from Nemelex Xobeh
 55023 | Shoals:2 | Reached XP level 18. HP: 112/112 MP: 30/30
 55943 | Shoals:2 | Found Ceocleg's Antique Weapon Shop.
 56125 | Shoals:3 | Got the Tome of Dark Magic
 56165 | Shoals:3 | Received a gift from Nemelex Xobeh
 56829 | Shoals:3 | Reached skill level 10 in Short Blades
 56852 | Shoals:3 | Noticed a kraken
 57106 | Shoals:3 | Reached skill level 18 in Invocations
 57827 | Shoals:4 | Entered Level 4 of the Shoals
 58332 | Shoals:4 | Received a gift from Nemelex Xobeh
 58476 | Shoals:4 | Paralysed by an air elemental for 1 turns
 58585 | Shoals:4 | Noticed Donald
 59040 | Spider:3 | - this is lookin nasty
 59064 | Spider:3 | Noticed Bai Suzhen
 59065 | Spider:3 | - oh great
 60649 | Spider:3 | Identified the -1 hand axe "Muozuen" {speed, *Corrode rPois
                  | rF+ rC+}
 60670 | Spider:2 | Killed Bai Suzhen
 61940 | Spider:3 | Received a gift from Nemelex Xobeh
 61964 | Spider:3 | Noticed Arachne
 61964 | Spider:3 | Arachne changed into Arachne the azure jelly
 61969 | Spider:3 | Killed Arachne the azure jelly
 62091 | Spider:3 | Identified the +9 hunting sling of the Shimmering Augurer
                  | {vorpal, rC+}
 62156 | Spider:4 | Entered Level 4 of the Spider Nest
 63147 | Spider:4 | Reached XP level 19. HP: 108/116 MP: 28/32
 64054 | Spider:4 | Received a gift from Nemelex Xobeh
 65072 | Spider:4 | - finally a ghostie... could be tricy
 65072 | Spider:4 | - tricky
 65888 | Spider:4 | Got a gossamer rune of Zot
 67290 | D:14     | Found a gate to the Vaults.
 67380 | D:15     | Entered Level 15 of the Dungeon
 67663 | D:15     | Received a gift from Nemelex Xobeh
 68341 | D:15     | Found a staircase to the Depths.
 69943 | D:14     | Acquired 1023 gold pieces
 71079 | Shoals:4 | Killed Donald
 71531 | Shoals:4 | Paralysed by an air elemental for 1 turns
 71548 | Shoals:4 | Received a gift from Nemelex Xobeh
 71552 | Shoals:4 | Reached XP level 20. HP: 128/128 MP: 33/33
 71575 | Shoals:4 | Paralysed by an air elemental for 1 turns
 72119 | Shoals:4 | - that was not the keypress i wanted
 72119 | Shoals:4 | - who put w next to e
 72119 | Shoals:4 | Paralysed by an air elemental for 1 turns
 72509 | Shoals:4 | Reached skill level 15 in Fighting
 72578 | Shoals:4 | Identified the +7 scimitar of the Ten Servitors {spect,
                  | rCorr Str+2}
 72657 | Shoals:4 | Reached skill level 15 in Stealth
 72737 | Shoals:4 | - this is too many javelineers
 72739 | Shoals:4 | Paralysed by an air elemental for 1 turns
 72768 | Shoals:4 | - guess i forgot about the titan
 73279 | Shoals:4 | Got a barnacled rune of Zot
 73323 | Shoals:4 | Paralysed by an air elemental for 1 turns
 73764 | Lair:1   | Identified the +0 helmet of the Morning Star {+Inv MP-9
                  | Slay+3 SInv}
 74052 | Vaults:1 | Entered Level 1 of the Vaults
 74311 | Vaults:1 | Received a gift from Nemelex Xobeh
 75547 | Vaults:1 | Received a gift from Nemelex Xobeh
 75996 | Vaults:1 | Reached skill level 10 in Hexes
 76064 | Vaults:1 | Reached skill level 10 in Slings
 76106 | Vaults:1 | - this is nasty
 76697 | Vaults:1 | Received a gift from Nemelex Xobeh
 78336 | Orc:2    | Bought a manual of Invocations for 1120 gold pieces
 78352 | Orc:2    | Bought a scroll of teleportation for 54 gold pieces
 78352 | Orc:2    | Bought a scroll of teleportation for 54 gold pieces
 78480 | D:12     | Bought a scroll of teleportation for 42 gold pieces
 78535 | D:14     | Bought a potion of curing for 45 gold pieces
 78535 | D:14     | Bought a potion of curing for 45 gold pieces
 78555 | D:14     | Bought a +0 pair of gloves of strength for 149 gold pieces
 78748 | D:4      | Bought 2 scrolls of enchant armour for 150 gold pieces
 79773 | Vaults:2 | Received a gift from Nemelex Xobeh
 80065 | Vaults:2 | Reached XP level 21. HP: 134/134 MP: 34/34
 80239 | Vaults:2 | Learned a level 2 spell: Slow
 80282 | Vaults:2 | Received a gift from Nemelex Xobeh
 82537 | Vaults:3 | Received a gift from Nemelex Xobeh
 82654 | Vaults:3 | Found a staircase to the Crypt.
 83021 | Vaults:3 | Found Ynafim's Jewellery Emporium.
 83257 | Vaults:3 | Reached skill level 10 in Armour
 83676 | Vaults:3 | Noticed Xtahua
 83685 | Vaults:3 | Noticed Xtahua
 83685 | Vaults:3 | Xtahua changed into Xtahua the sphinx
 83685 | Vaults:3 | Killed Xtahua the sphinx
 84175 | Vaults:3 | You fall into a shaft and drop 1 floor!
 84329 | Vaults:4 | Reached skill level 15 in Short Blades
 84333 | Vaults:4 | Reached XP level 22. HP: 114/140 MP: 29/35
 84476 | Vaults:3 | Received a gift from Nemelex Xobeh
 85191 | Vaults:3 | Received a gift from Nemelex Xobeh
 85726 | Vaults:4 | Reached skill level 19 in Invocations
 86153 | Vaults:4 | Received a gift from Nemelex Xobeh
 86221 | Vaults:4 | Identified the -1 trident of Pups {holy, Stlth+}
 87236 | Vaults:4 | Noticed Rupert
 87284 | Vaults:4 | Killed Rupert
 87285 | Vaults:4 | Reached skill level 20 in Invocations
 87423 | Vaults:4 | Received a gift from Nemelex Xobeh
 87807 | Elf:1    | Entered Level 1 of the Elven Halls
 88112 | Elf:1    | Learned a level 1 spell: Corona
 89769 | Elf:2    | Reached XP level 23. HP: 87/144 MP: 33/37
 90062 | Elf:2    | Reached skill level 10 in Evocations
 90462 | Elf:2    | Acquired a +2 helmet of see invisible
 90900 | Elf:2    | Found Udwiddum's Antique Weapon Shop.
 91446 | Elf:2    | Found a runed translucent gate.
 91446 | Elf:2    | Found a runed translucent gate.
 91446 | Elf:2    | Found a runed translucent gate.
 91773 | Elf:2    | Reached skill level 21 in Invocations
 92037 | Elf:2    | Received a gift from Nemelex Xobeh
 92053 | Elf:2    | Found a portal to a secret trove of treasure.
 92748 | Elf:3    | Entered Level 3 of the Elven Halls
 92860 | Elf:3    | Found a magical portal.
 92871 | WizLab   | Entered Doroklohe's Tomb
 92931 | WizLab   | Received a gift from Nemelex Xobeh
 93236 | WizLab   | Noticed a royal mummy
 93241 | WizLab   | Killed a royal mummy
 94905 | Elf:3    | Found the +7 lajatang of Order {silver, rMut}
 95163 | Elf:3    | Identified the +3 glaive "Guiw" {freeze, rPois rF+ Dex-3}
 95167 | Elf:3    | Identified the ring of Zedue {rF+ Dex+6 SInv}
 95444 | Elf:3    | Reached XP level 24. HP: 142/150 MP: 35/37
 95451 | Elf:3    | Reached skill level 15 in Hexes
 95532 | Elf:3    | Paralysed by a sphinx for 4 turns
 95537 | Elf:3    | - that was unexpected
 96063 | Elf:3    | - forgot to put the ring back thats what it was
 96100 | Elf:3    | Got Gidups's Sorcery Continued
 96171 | Elf:3    | Identified the +6 chain mail of the Great Game {rPois MP+9}
 96201 | Elf:3    | Got the Tome of Summoning
 96203 | Elf:3    | Received a gift from Nemelex Xobeh
 96237 | Elf:3    | Identified the +5 quarterstaff of Autumn {venom, *Rage rF+
                  | Str+3 Int+4}
 97542 | D:12     | Bought a potion of cancellation for 112 gold pieces
 98154 | Shoals:2 | - not worth it
 98442 | Lair:4   | Identified the -1 cloak of Divine Compulsion {Stlth+}
 98476 | Slime:1  | Entered Level 1 of the Pits of Slime
 99266 | Slime:1  | Learned a level 1 spell: Apportation
100486 | Slime:3  | Received a gift from Nemelex Xobeh
101488 | Slime:2  | Gained mutation: You sometimes lose the ability to read
                  | scrolls when taking damage. [a shining eye]
101489 | Slime:2  | - DAMMIT
101692 | Slime:3  | Found a viscous altar of Jiyva.
101698 | Slime:3  | Received a gift from Nemelex Xobeh
102464 | Slime:5  | Entered Level 5 of the Pits of Slime
102613 | Slime:3  | Received a gift from Nemelex Xobeh
102707 | Slime:3  | Reached skill level 22 in Invocations
103479 | Slime:4  | Received a gift from Nemelex Xobeh
104049 | Slime:5  | Reached XP level 25. HP: 155/155 MP: 38/38
104184 | Slime:5  | Noticed the Royal Jelly
104196 | Slime:5  | HP: 8/234 [azure jelly[the Royal Jelly] (6)]
104196 | Slime:5  | Demolished by an azure jelly

Illustrated notes .###....[ .......... ........>.. ............ ....@....... ..........# .. .........# # ##.P ###.####...#.. ...##.######...... ##.#.......#.....#.......# #..##......##...#......... ##..............#........# #..##......##...+........#.. #††####...###............#.. ##.#..#######...###.#...#... Turn 24944 on Lair:3: - why am i not getting any portal signals ......(.s ......s.> ......s.. .........#. .......@^.s. ........s.#.. .....>...s..s ..?.<.s§○..s#. ...(.....s... ...........s ^.....<..... ........#... ##^........ ###.#..... ##^..... Turn 59040 on Spider:3: - this is lookin nasty #^... #...# ####...#. .°..sss.. ....<.... ...d........s.. .......s..s.^.^ ............... .............s^ ....@?...^. ......#.... ....sss..^s ....sssH..# .....ss...^ ....§.§.s#.. ....§.....(.. ........s...> ..##.....§... .........#. ........^... Turn 59065 on Spider:3: - oh great #............#...†.# #..^.^.............# #.## #................### #.^# ≈.. #..................# #..# ##≈..# #......#...^.......# #..####≈≈..# #..................# #≈(≈..≈≈..####^.................# ##.†......^.###....#........^...# ##≈...†s...≈###^.............#..# ####≈....#≈..##.................# #####...##....†{@.....#.........# ..#########.....................# ...#######^..........#.#........# ....#.##≈.....................^.# ............^...................# ......^..≈............#...^.....# ......#..........†..............# ................................ .)..............#............... ..#............................. ....#.....#..................... Turn 65072 on Spider:4: - finally a ghostie... could be tricy

≈≈≈≈≈*#..#8.....8#≈,*,≈,***,***,*
≈≈≈≈≈*#..#,..#...#,**,^,,*≈≈≈≈≈≈*
≈≈≈≈≈*#..#,.#≈tHm#,,,,≈,,,≈≈≈≈≈≈*
≈≈≈≈≈*#..#,.≈≈≈m.#,*,*,*,**,,**,*
≈≈≈≈≈*#..#,.≈≈≈..#≈*≈**,,,,,,≈≈,,
≈≈≈≈≈*#..#..≈.≈#)#,*,,*,8,*,,*≈,,
≈≈≈≈≈*#..#..≈.≈#.#,,,,,,,,**,*≈,,
≈≈≈≈≈*#..#.≈≈#≈H.#,*,*,,,***,,,**
≈≈≈≈≈*#..#.≈.##≈t#,*,,,≈**,,**,,,
≈≈≈≈≈*#....≈≈≈≈Em#,,,,,***,≈,*,,*
≈≈≈≈≈*#....≈≈##≈@#,*,*****,,*≈,,,
≈≈≈≈≈*#..#.≈###≈.#≈*,,,,,,,≈**,,,
≈≈≈≈≈*#..#.≈≈≈≈H.#,*≈*,,,*,,*,***
≈≈≈≈≈*#.[#.≈≈#≈..#,,,,,,,≈*,****≈
≈≈≈≈≈*#..#.≈≈.≈#.#≈,,,,,8,*≈**,*,
≈≈≈≈≈*#..#..≈≈≈..#,*,***,,*≈,,,*,
≈≈≈≈≈*#..#..≈≈≈..#≈*,*≈,≈*,,,,***
≈≈≈≈≈*#..#..#≈#..#,*,*,,,,≈≈≈≈≈≈,
≈≈≈≈≈*#..#...≈...#,***,,,*,≈≈≈≈≈,
≈≈≈≈≈*#..#8.....8#≈≈*,≈,**≈*,,***
≈≈≈≈≈*#..#########*,,,,≈≈,≈,,≈,,≈


Turn 72119 on Shoals:4: - that was not the keypress i wanted
≈≈≈≈≈≈≈≈≈≈≈≈≈≈≈≈≈≈≈≈≈≈≈≈≈≈≈≈≈≈≈≈≈ ≈≈≈≈≈≈≈≈≈≈≈≈≈≈≈≈≈≈≈≈≈≈≈≈≈≈≈≈≈≈≈≈≈
≈≈≈≈≈≈≈≈≈≈≈≈≈≈≈≈≈≈≈≈≈≈≈≈≈≈≈≈≈≈≈≈≈ ≈******************************** ≈*
######################### ≈* ######P...................≈m≈. ≈*
#.P†......................≈t≈. ≈* #..#####...##########..####### ≈*
#.##...##..#8..)(............. ≈* #.#.....#..#.))m.≈≈≈m≈≈≈≈.....
≈*##.#..<..#..#.@m≈≈≈≈≈m≈≈.≈≈≈≈≈# ≈*#..#.....#..#.÷)≈E.#.≈#.≈##.≈≈≈
≈*#..##...##..#.[)≈≈≈≈≈≈#..≈≈≈≈≈. ≈*#...##'##...#....mm≈≈≈≈≈≈≈.....
≈*#P..........#8................. ≈*#..........###########++#######
≈*#..#########*,≈,,,,,≈..≈.,,,,,≈ ≈*#..#8.....8#≈,*,≈,*##.###.**,,,
≈*#..#...#...#,**,^,,*≈E≈≈≈≈#≈,,* ≈*#..#..#≈...#,,,,≈,,,≈≈≈≈≈≈*,,≈*
≈*#..#..≈≈)..#,*,*,*,**,,**,*,,,* Turn 72737 on Shoals:4: - this is too many
javelineers ≈≈≈≈≈≈≈≈≈≈≈≈≈≈≈≈≈≈≈≈≈≈≈≈≈≈≈≈≈≈≈≈≈ ≈≈≈≈≈≈≈≈≈≈≈≈≈≈≈≈≈≈≈≈≈≈≈≈≈≈≈≈≈≈≈≈≈
≈≈≈≈≈≈≈≈≈≈≈≈≈≈≈≈≈≈≈≈≈≈≈≈≈≈≈≈≈≈≈≈≈ ≈≈≈≈≈≈≈≈≈≈≈≈≈≈≈≈≈≈≈≈≈≈≈≈≈≈≈≈≈≈≈≈≈
≈≈≈≈≈≈≈≈≈≈≈≈≈≈≈≈≈≈≈≈≈≈≈≈≈≈≈≈≈≈≈≈≈ ≈≈≈≈≈≈≈≈≈≈≈≈≈≈≈≈≈≈≈≈≈≈≈≈≈≈≈≈≈≈≈≈≈
≈≈≈≈≈≈≈≈≈≈≈≈≈≈≈≈≈≈≈≈≈≈≈≈≈≈≈≈≈≈≈≈≈ ≈≈≈≈≈≈≈≈≈≈≈≈≈≈≈≈≈≈≈≈≈≈≈≈≈≈≈≈≈≈≈≈≈
**************************≈≈≈≈≈≈≈ #########################*≈≈≈≈≈≈≈
......≈m≈....(≈C@...≈≈.8#*≈≈≈≈≈≈≈ ......≈t≈.....≈m..≈≈..≈.#*≈≈≈≈≈≈≈
#..###########..[###≈≈≈.#*≈≈≈≈≈≈≈ ...........8##..##≈≈≈≈.≈#*≈≈≈≈≈≈≈
m≈≈≈≈.......##≈≈#≈≈≈≈#..#*≈≈≈≈≈≈≈ m≈≈.≈≈≈≈≈#..##≈≈#≈<)≈#≈.#*≈≈≈≈≈≈≈
≈#.≈##.≈≈≈≈.##≈≈##≈≈##.≈#*≈≈≈≈≈≈≈ ≈#..≈≈≈≈≈...#*≈≈#####...#*≈≈≈≈≈≈≈
≈≈≈≈≈.......#*≈≈≈≈≈≈.[..#*≈≈≈≈≈≈≈ ..........)8#*≈≈≈≈≈≈..≈≈#*≈≈≈≈≈≈≈
#++##########***######..#*≈≈≈≈≈≈≈ Turn 72768 on Shoals:4: - guess i forgot about
the titan #........................ #.......................)
#........................ #........................ #........................
#........................ #..#########............. #..# ###..###'#####.. #..#
###.#..#.......#.. #..# +.T)#..#.......#.. #..# #@T.#..#.......#.. #..#
+.p§+..#.......#.. #..# ###†#..#....∩..#.. #.)# ###..#.......#..
#†)#########..#.......#.. #.............#########.. #........................
#......................). #..##############+####### #..# #..# Turn 76106 on
Vaults:1: - this is nasty ##.....###.......##.# #...# ##...###.#.###.#..##.#
#...### #....# ##.## #..#.##.# ##.##.## .###.# ### *######..# #.#.#.## ## #.#
*,,,,,#.### #..###.# #.# #####,,,,,##..####.## ##. #.####)).#.....#.#.....## ##
#...)).###,....########.## ##. #.###### *,,rhl* #..###(# #.# ***#H#* #.#.#[##
#.# #@# #####)##.## #.###########†# #.....)...## #.#.#.#.#.#.#.# #....)....#.
#..#.#.#.#.#.## #.........#. #.#.#.#.#.#.#.# #.........#. #..#.#.#.#.#.##
#.........#. #)#.#.#.#.#)#.# #.........#. #..#.#.#.#.#.## #.........#.
#.#.#.#.#.#.#.#####.........## #..#.#.#.#.#.###............##
#.#.#.#.#.#.#.##.#.########### Turn 95537 on Elf:3: - that was unexpected
*,,,,,..###e.:).###°°°°..,*### *+***,....)).)....○...###+*
*,,,**#.....)....[.)###,,,* *,,,,,###....))...###,,,,,*
***,,,,,###..)).###,,,,,*** ***,,,,,###)###,,,,,*** ***,,,,#)))#,,,,*** ##
***,,#.))#,,*** #. ***#.).###* #. ######)##.#### #. #.##..@...##.##### #.
#.###:..#####.^..# #. #.#...(.# #.##.# ## #.#.#.#.## ##.##.####
#.....##.###........# ###.........)###.##.# #####.##.......##.###
#.##...<...##.... ##.#.........##### ##..#.........###.. ##.#.#.........##...
Turn 96063 on Elf:3: - forgot to put the ring back thats what it was
≈≈≈≈≈≈≈≈≈≈≈≈≈()###.≈≈≈≈≈≈≈≈≈≈.... ≈≈≈≈≈≈≈≈≈≈≈≈≈≈≈(≈..≈≈≈≈≈≈≈≈≈≈....
≈≈≈≈≈≈≈≈≈≈≈≈≈≈≈≈≈≈≈≈≈≈≈≈≈≈≈≈..[.. ≈≈≈≈≈≈≈≈≈≈≈≈≈≈≈≈≈≈≈≈≈≈≈≈≈≈≈≈≈....
≈≈≈≈≈≈≈≈≈≈≈≈≈≈≈≈≈..#≈#≈#≈#≈≈≈≈..) ..≈≈≈≈..≈≈≈≈≈≈≈≈≈#..>≈≈≈≈≈≈#≈≈≈..
..≈≈.....≈≈≈≈≈≈#≈...#####≈≈≈.#... ≈..≈..##.≈≈≈≈#)≈...##≈≈≈##.....#.
...≈≈.#.≈≈≈≈≈≈≈#####≈≈≈≈≈#####... ....≈≈..≈.≈≈≈#≈#≈[≈≈≈≈≈≈≈≈≈≈≈#.#.
###....≈≈.≈≈≈≈≈#@(≈≈≈≈≈≈≈≈≈≈≈'... # #.....≈≈≈≈≈#≈#≈)≈≈≈.≈≈≈≈≈≈≈#.#.
#.≈...≈≈≈≈≈≈≈#####≈≈≈≈≈#####... #.....≈≈≈≈≈#≈≈≈≈###≈≈≈##≈≈≈..#.
##)≈≈≈≈.≈≈≈≈≈≈#..# #####≈≈≈.#... ##..≈≈≈≈...≈≈≈≈≈.####...(≈≈#.....
#...≈≈≈..#.≈≈≈≈≈≈..###.#≈#≈≈).... .≈≈≈≈≈≈...<≈≈≈≈≈≈≈...≈≈≈≈≈≈......
≈≈≈≈≈..≈≈..≈≈≈≈≈≈≈≈≈≈≈≈≈≈≈....... ≈≈≈≈≈≈≈≈≈≈≈≈≈≈≈≈≈≈≈≈≈≈≈≈≈≈...(...
≈≈≈≈≈≈≈≈≈≈≈≈≈≈≈≈≈≈≈≈≈≈≈≈≈≈...)... Turn 98154 on Shoals:2: - not worth it
................#. .#.......#........ #....................
#.....#.............. ..................#.. #.#..............#...
#..................# ##.J...#.#.......... ##.....#.............
##.......#.......##... #....@..#.........#..# #.3...........<......#
.GR....##.......#... .......##....#.###.# ......####.##### ##.#### ... Turn
101489 on Slime:2: - DAMMIT

Levels and vault maps discovered:
D:1:      elethiomel_arrival_infinity_welcomes_careful_drivers, layout_basic,
          ebering_ecumenical_altar_petrified
D:2:      layout_loops_ring, basic_altar
D:3:      minmay_evil_eye, layout_rooms
D:4:      layout_basic, minmay_temple_entry_offerings, serial_shops, shop,
          nicolae_take_the_stairs, shop, nicolae_shop_behind_doors, shop,
          uniq_blork_the_orc
D:5:      layout_rooms, chequers_mini_garden
D:6:      layout_gridville
D:7:      layout_cave_pools, lemuel_crystal_altar, serial_shops,
          nicolae_shop_overgrown_old_shop, hangedman_decor_lopped,
          nicolae_sextant
D:8:      layout_cave_pools, solitary_fountain, uniq_grum
D:9:      layout_roguey, serial_shops, nicolae_shop_stone,
          hangedman_decor_diamond_cutter, worms_lemuel
D:10:     lemuel_ice_statue, layout_loops_ring, minmay_lair_entry_grove,
          kennysheep_orc_monster_closet_entryway, serial_shops,
          nicolae_shop_window_shopping, serial_bayou_pond_d,
          minmay_misc_feat_hallway, kennysheep_generic_room_9, uniq_gastronok
D:11:     layout_loops_ring, minmay_radiant, uniq_sonja
D:12:     layout_irregular_city, nicolae_specific_store, serial_park_tiny_pond,
          serial_park_tiny_1
D:13:     minmay_statue_hallways, layout_rooms
D:14:     layout_roguey, david_vaults_4, serial_shops, shop, shop,
          shop_fountains, shop, good_gods_mini_temple, uniq_nessos
D:15:     hangedman_depths_entry_civil_slaughter, layout_gridville
Temple:   dpeg_three_leaves_temple
Lair:1:   layout_small_grid, pond, minmay_lair_oklob_chamber, grunt_megastairs_5
Lair:2:   layout_cellular_growth, minmay_shoals_entry_lonely_mermaid,
          serial_bayou_shore_b, grunt_megastairs_1
Lair:3:   layout_regular_city, portal_ice_cave_entry_ice_simulacra, basic_altar,
          chequers_serial_rivers_micro_c, roderic_batcave, grunt_megastairs_2,
          lemuel_fruit_tree, infiniplex_staircase_pool
Lair:4:   gammafunk_worm_tunnel, layout_hall_layers, dummy_spider_entry,
          special_room [special_room_mythical_zoo], grunt_forest_stairs_basic,
          lemuel_oklob_altar, serial_bayou_shore_a
Lair:5:   layout_cave_pods, slime_dummy, lemuel_fruit_fields
Lair:6:   due_jungle_book, layout_small_grid, dpeg_oklob_1
Shoals:1: nicolae_shoals_mermall, layout_shoals, nicolae_shoals_aquamancer_cove
Shoals:2: layout_shoals, serial_shops, shop, nicolae_shoals_spring_well_temple
Shoals:3: layout_shoals
Shoals:4: shoals_end_hellmonk_storm_palace [storm_palace_center_ruins,
          storm_palace_corner_narrow, storm_palace_corner_reverse_hut,
          storm_palace_corner_blocked, storm_palace_corner_narrow], uniq_donald
Spider:1: nicolae_spider_hilbert_zone_4 [nicolae_spider_hilbert_4_sides_2_open,
          nicolae_spider_hilbert_4_sides_1_open,
          nicolae_spider_hilbert_4_sides_1_open,
          nicolae_spider_hilbert_4_sides_1_open,
          nicolae_spider_hilbert_4_sides_1_open,
          nicolae_spider_hilbert_2_sides_1_open,
          nicolae_spider_hilbert_2_sides_1_open,
          nicolae_spider_hilbert_2_sides_1_open,
          nicolae_spider_hilbert_2_sides_1_open,
          nicolae_spider_hilbert_6_sides_1_open,
          nicolae_spider_hilbert_6_sides_1_open,
          nicolae_spider_hilbert_3_sides_1_open,
          nicolae_spider_hilbert_3_sides_1_open], uniq_asterion
Spider:2: layout_spider_delve, nicolae_spider_rock_and_or_roll
Spider:3: nicolae_spider_mines_1, uniq_arachne, uniq_bai_suzhen
Spider:4: grunt_spider_rune_circles, hangedman_spider_tarantella_strand
Slime:1:  layout_caves, nicolae_slime_phagocytosis
Slime:2:  layout_caves
Slime:3:  layout_caves, basic_altar
Slime:4:  layout_caves
Slime:5
Orc:1:    nicolae_orc_accident_1, layout_diamond_mine, uniq_fannar
Orc:2:    grunt_orc_cross, layout_caves, serial_shops, bzr_entry_lakeside,
          nicolae_orc_bridge_out
Elf:1:    layout_gridlike, minivault_28, amcnicky_mini_rare_corridor_liquid
Elf:2:    elven_hall_of_blades_hangedman_original
          [nicolae_blade_entry_antechamber], layout_geoelf_grid, serial_shops,
          nicolae_lakefront_shop, enter_trove_3, serial_sigils_hangedman_gut,
          abandoned_shop, minivault_16, grunt_ministairs_9,
          roderic_roman_lattice
Elf:3:    minmay_elf_hall_not_hex, layout_loops_cross, mu_enter_wizlab_7,
          special_room [special_room_mythical_zoo], minivault_23
Vaults:1: nicolae_vaults_mini_display_case, vaults_dpeg_encased_lava,
          ontoclasm_vaults_bender, ontoclasm_vaults_ring_small,
          nicolae_vaults_border_crossing, vaults_dpeg_cross,
          vaults_room_semicircle, layout_vaults_omnigrid, serial_glass
Vaults:2: v_misc_22, v_misc_25, hangedman_vaults_slither, v_misc_2, v_misc_13,
          nicolae_vaults_circle_grid_a, ontoclasm_vaults_gateway,
          hangedman_vaults_trim, nicolae_vaults_twisting_passages,
          grunt_vaults_diagonal, nicolae_vaults_network_quinsquares
          [nicolae_vaults_network_quincunx_subvault,
          nicolae_vaults_network_quincunx_subvault,
          nicolae_vaults_network_quincunx_subvault,
          nicolae_vaults_network_quincunx_subvault], v_misc_5,
          nicolae_vaults_shelves_hall, layout_vaults_omnicross
Vaults:3: minmay_crypt_entry_simple_box, st_star, vaults_mumra_chevron,
          v_alt_pattern_4, v_misc_17, v_rooms_6, hangedman_vaults_corner_blocks,
          vaults_room_corners, vaults_room_semicircle, nicolae_vaults_alarming,
          layout_vaults_ring, serial_shops, nicolae_square_shop, uniq_xtahua
Vaults:4: hangedman_vaults_maws, grunt_vaults_bifocal, ontoclasm_vaults_eye,
          hangedman_vaults_corner, v_pattern_4, v_misc_27, sword_in_stone,
          nicolae_vaults_specimen_jars, vaults_room_hallway,
          layout_vaults_big_room

Skill      XL: |  1  2  3  4  5  6  7  8  9 10 11 12 13 14 15 16 17 18 19 20 21 22 23 24 |
---------------+-------------------------------------------------------------------------+-----
Stealth        | 2 3 4 5 6 8 9 11 12 14 16 18 20 | 20.0
Slings         | 5 6 7 9 11 12 | 12.0
Short Blades   | 1 2 3 5 6 9 12 15 | 15.0
Fighting       | 3 6 9 12 14 15 | 15.3
Dodging        | 3 6 9 12 15 17 18 19 20 | 20.0
Invocations    | 1 5 8 9 11 13 15 17 18 20 21 22 | 22.0
Shields        | 1 3 4 |  4.4
Armour         | 6 8 9 10 | 10.3
Evocations     | 6 8 9 10 12 | 12.0
Translocations | 1 6 |  6.0
Hexes          | 2 9 10 12 14 15 | 15.0

Action                   |  1- 3 |  4- 6 |  7- 9 | 10-12 | 13-15 | 16-18 | 19-21 | 22-24 | 25-27 || total
-------------------------+-------+-------+-------+-------+-------+-------+-------+-------+-------++-------
Melee: Short sword       |    66 |   128 |   254 |   772 |  2160 |  1483 |   257 |       |       ||  5120
       Dagger            |    45 |    75 |     9 |     2 |       |       |       |       |       ||   131
       Rapier            |       |       |       |       |       |   938 |  1822 |  1807 |     6 ||  4573
 Fire: Hunting sling     |     3 |     6 |     2 |    54 |   122 |     3 |    72 |   150 |       ||   412
       Fustibalus        |       |       |       |       |       |     3 |       |       |       ||     3
Throw: Dart              |     9 |    15 |    44 |    67 |    59 |   158 |    52 |     9 |       ||   413
       Throwing net      |       |       |       |       |       |       |       |       |     1 ||     1
 Cast: Blink             |       |       |       |       |       |    21 |    16 |    10 |       ||    47
       Tukima's Dance    |       |       |       |       |       |    25 |    74 |    12 |       ||   111
       Confusing Touch   |       |       |       |       |       |     6 |    63 |    19 |       ||    88
       Slow              |       |       |       |       |       |       |    54 |   108 |       ||   162
       Corona            |       |       |       |       |       |       |       |     9 |       ||     9
       Apportation       |       |       |       |       |       |       |       |    13 |       ||    13
Invok: Draw Destruction  |       |       |       |     5 |     9 |     3 |     8 |    33 |       ||    58
       Draw Summoning    |       |       |       |     2 |    10 |    10 |     6 |     8 |       ||    36
       Deal Four         |       |       |       |       |     5 |     6 |     3 |       |       ||    14
       Draw Escape       |       |       |       |       |     2 |     4 |     2 |       |       ||     8
       Draw Stack        |       |       |       |       |       |     5 |       |     5 |       ||    10
       Stack Five        |       |       |       |       |       |     1 |     1 |     1 |       ||     3
Evoke: Wand              |       |       |       |     4 |    44 |    50 |    19 |    47 |       ||   164
       Lightning rod     |       |       |       |       |     4 |       |     9 |     4 |       ||    17
       Box of beasts     |       |       |       |       |       |     1 |     1 |       |       ||     2
       Phantom mirror    |       |       |       |       |       |     1 |       |       |       ||     1
       Tin of tremorston |       |       |       |       |       |       |       |     5 |       ||     5
       Condenser vane    |       |       |       |       |       |       |       |     1 |       ||     1
  Use: Potion            |       |     1 |       |     1 |     4 |    10 |     3 |     9 |     3 ||    31
       Scroll            |       |     4 |    12 |     2 |    12 |    19 |    14 |     4 |     2 ||    69
 Stab: Sleeping          |    20 |    17 |    20 |    19 |    51 |    46 |    74 |   109 |     6 ||   362
       Distracted        |     1 |       |       |     3 |     9 |     9 |    10 |     6 |       ||    38
       Paralysed         |       |       |       |       |     3 |     1 |       |       |       ||     4
       Confused          |       |       |       |       |       |     7 |    72 |    17 |       ||    96
       Held in net/web   |       |       |       |       |       |       |     3 |       |       ||     3
       Invisible         |       |       |       |       |       |       |       |     5 |       ||     5
Armor: Leather armour    |    13 |    39 |    51 |    60 |       |       |       |       |       ||   163
       Skin              |       |     4 |       |       |       |       |       |       |    39 ||    43
       Ring mail         |       |       |       |   108 |   521 |   790 |   522 |   334 |       ||  2275
Dodge: Dodged            |    58 |   118 |   148 |   463 |  1206 |  1959 |  1489 |   905 |     6 ||  6352
Block: Buckler           |       |       |       |   153 |   600 |   808 |   600 |   345 |    13 ||  2519
